 Dungeon Crawl Stone Soup version 0.23.2-1-ga50397a6bc (webtiles) character file.

Game seed: 11916736607958215669

3978 Gingko the Cleaver (level 10, -1/56 HPs)
             Began as a Gargoyle Fighter on May 10, 2019.
             Was a Follower of Makhleb.
             Slain by a death yak (13 damage)
             ... on level 8 of the Dungeon.
             The game lasted 00:34:05 (7827 turns).

Gingko the Cleaver (Gargoyle Fighter)               Turns: 7827, Time: 00:34:06

Health: -1/56      AC: 23    Str: 29    XL:     10   Next: 22%
Magic:  0/10       EV:  5    Int: 12    God:    Makhleb [*.....]
Gold:   316        SH: 10    Dex:  9    Spells: 9/9 levels left

rFire    . . .     SeeInvis .   a - +0 war axe
rCold    + . .     Gourm    .   c - +0 shield
rNeg     + . .     Faith    .   m - +0 plate armour
rPois    ∞         Spirit   +   p - +0 helmet
rElec    +         Reflect  .   w - +0 cloak
rCorr    .         Harm     .   (no gloves)
MR       +....                  F - +1 pair of boots
Stlth    ..........             d - amulet of guardian spirit
HPRegen  0.18/turn              g - +5 ring of strength
MPRegen  0.12/turn              D - ring of Psychosis {rC+ MR+ Int+4 Stlth+}

@: about to teleport
A: negative energy resistance 1, electricity resistance, unbreathing,
petrification resistance, rot immunity, AC +7
a: Renounce Religion


You were on level 8 of the Dungeon.
You worshipped Makhleb.
Makhleb was aware of your devotion.
You were not hungry.

You visited 2 branches of the dungeon, and saw 9 of its levels.

You collected 316 gold pieces.

Inventory:

Hand Weapons
 a - a +0 war axe (weapon)
Missiles
 C - 3 throwing nets (quivered)
Armour
 b - a +0 scale mail
 c - a +0 shield (worn)
 m - a +0 plate armour (worn)
 p - a +0 helmet (worn)
 w - a +0 cloak (worn)
 F - a +1 pair of boots (worn)
Jewellery
 d - an amulet of guardian spirit (around neck)
 g - a +5 ring of strength (left hand)
 D - the ring of Psychosis (right hand) {rC+ MR+ Int+4 Stlth+}
   (You found it on level 7 of the Dungeon)

   [ring of protection from magic]

   It affects your intelligence (+4).
   It protects you from cold.
   It affects your resistance to hostile enchantments.
   It makes you more stealthy.
 E - an uncursed ring of fire
Wands
 A - a wand of flame (17)
 G - a wand of iceblast (7)
 I - a wand of enslavement (6)
Scrolls
 h - a scroll of blinking
 j - a scroll of fog
 n - a scroll of magic mapping {unknown}
 q - a scroll of fear
 u - 2 scrolls of enchant weapon {unknown}
 v - a scroll of teleportation
 x - 4 scrolls of remove curse
 y - a scroll of enchant armour {unknown}
 H - a scroll of amnesia {unknown}
Potions
 e - 4 potions of mutation
 i - 4 potions of heal wounds
 k - a potion of curing
 o - a potion of degeneration {unknown}
 r - 3 potions of flight
 s - 2 potions of resistance
 z - a potion of lignification {unknown}
Comestibles
 f - 15 rations
 l - 3 chunks of flesh


   Skills:
 - Level 3.2 Fighting
 + Level 12.2 Axes
 - Level 3.2 Armour
 - Level 1.0 Dodging
 - Level 5.8 Stealth
 - Level 3.2 Shields


You had 9 spell levels left.
You didn't know any spells.
Your spell library contained the following spells:

 Spells                   Type           Power        Failure   Level  Hunger
 Animate Skeleton         Necr           N/A          100%        1    ##.....
 Apportation              Tloc           #.....       100%        1    ##.....
 Confusing Touch          Hex            #.....       100%        1    ##.....
 Summon Small Mammal      Summ           #...         100%        1    ##.....


Dungeon Overview and Level Annotations

Branches:
Dungeon (8/15)             Temple (1/1) D:6            Lair (0/6) D:8

Altars:
Ashenzari
Cheibriados
Dithmenos
Elyvilon
Fedhas
Gozag
Hepliaklqana
Kikubaaqudgha
Makhleb
Nemelex Xobeh
Okawaru
Qazlal
Ru
Sif Muna
Trog
Uskayaw
Vehumet
Wu Jian
Xom
Yredelemnul
Zin
The Shining One


Innate Abilities, Weirdness & Mutations

You are resistant to torment.
Your stone body is resilient. (AC +7)
You are immune to poison.
You resist negative energy. (rN+)
You are resistant to electric shocks. (rElec)
You can survive without breathing.
You are immune to petrification.
You are immune to rotting.


Message History

You block the death yak's attack.
Your shield and plate armour prevent you from hitting the death yak.
The death yak is heavily wounded.
You block the death yak's attack.
The orc wizard casts a spell.
The orc wizard blinks!
Your shield and plate armour prevent you from hitting the death yak.
The death yak is heavily wounded.
The death yak gores you!
As you read the scroll of teleportation, it crumbles to dust.
You feel strangely unstable. The death yak gores you.
* * * LOW HITPOINT WARNING * * *
Your shield prevents you from hitting the death yak.
The death yak is heavily wounded.
The death yak gores you.
* * * LOW HITPOINT WARNING * * *
You hit the death yak but do no damage.
The death yak is heavily wounded.
The death yak gores you!
You die...

#....##.##.##.# #.#
..)..().##.##.# #.#
..#####..<....# #.# ###
####'#### #.### ##...## #...#
## ##.....## ###.# .##
##.......# ##..#
..####.........####o..#######
.....'.........+@Yoo.........
..####.........######...#####
..# ##.......## ##.....## #.#
##.....## #....P..# #.#
##...## #.......# #.# #+##
#.....Y..?.# (.#
#............. ..#
#.....>.....## #..o.......##


You could see a death yak, an orc wizard and 2 orcs.

Vanquished Creatures
  Harold (D:7)
  An elephant (D:8)
  A spriggan (D:7)
  An orc warrior (D:8)
  2 sky beasts
  2 ice beasts
  2 phantoms
  4 centaurs
  2 crocodiles (D:8)
  6 bullfrogs
  A wyvern skeleton (D:6)
  A scorpion (D:4)
  A killer bee (D:7)
  An electric eel (D:6)
  3 howler monkeys
  A crimson imp (D:6)
  A centaur zombie (D:7)
  5 hounds
  2 orc priests
  A bullfrog skeleton (D:7)
  A centaur skeleton (D:4)
  An iguana (D:7)
  Jessica (D:2)
  Terence (D:2)
  8 orc wizards
  Natasha (thrice) (D:4)
  5 worker ants
  A hound skeleton (D:3)
  A howler monkey skeleton (D:4)
  7 adders
  2 shadow imps
  An ooze (D:3)
  2 adder skeletons (D:7)
  An adder zombie (D:6)
  A worm (D:3)
  2 dart slugs
  2 leopard geckos
  19 orcs
  2 ball pythons
  8 giant cockroaches
  5 goblins (D:1)
  7 hobgoblins
  14 jackals
  7 kobolds
  4 quokkas
  5 bats
  5 frilled lizards
  A jackal skeleton (D:2)
  A jackal zombie (D:7)
  5 rats
162 creatures vanquished.

Notes
Turn   | Place    | Note
-------+----------+-------------------------------------------
     0 | D:1      | Gingko the Gargoyle Fighter began the quest for the Orb.
     0 | D:1      | Reached XP level 1. HP: 14/14 MP: 1/1
    89 | D:1      | Reached skill level 2 in Axes
   141 | D:1      | Reached XP level 2. HP: 19/19 MP: 2/2
   827 | D:2      | Reached XP level 3. HP: 23/23 MP: 3/3
   831 | D:2      | Reached skill level 3 in Axes
   944 | D:2      | Noticed Terence
   946 | D:2      | Found a faded altar of an unknown god.
   953 | D:2      | Killed Terence
   953 | D:2      | Reached XP level 4. HP: 23/28 MP: 4/4
  1236 | D:2      | Noticed Jessica
  1262 | D:2      | Killed Jessica
  1262 | D:2      | Reached skill level 1 in Dodging
  1450 | D:2      | Reached skill level 4 in Axes
  1590 | D:3      | You fall through a shaft for 3 floors!
  1708 | D:6      | Reached XP level 5. HP: 32/32 MP: 5/5
  1740 | D:5      | Entered Level 5 of the Dungeon
  1788 | D:4      | Reached skill level 5 in Axes
  1929 | D:4      | Found a blossoming altar of Fedhas.
  1999 | D:4      | Reached skill level 1 in Stealth
  1999 | D:4      | Reached XP level 6. HP: 37/37 MP: 6/6
  2143 | D:4      | Found a shattered altar of Ashenzari.
  2297 | D:4      | Noticed Natasha
  2301 | D:4      | Killed Natasha
  2371 | D:4      | Found an ancient bone altar of Kikubaaqudgha.
  2539 | D:4      | Reached XP level 7. HP: 37/41 MP: 7/7
  2551 | D:4      | Reached skill level 5 in Stealth
  2565 | D:4      | HP: 1/41 [orc wizard/magic dart (8)]
  3722 | D:5      | Found a shadowy altar of Dithmenos.
  3775 | D:5      | Found a white marble altar of Elyvilon.
  3811 | D:4      | Noticed Natasha
  3817 | D:4      | Killed Natasha
  3882 | D:4      | Noticed Natasha
  3890 | D:4      | Killed Natasha
  3890 | D:4      | Reached skill level 6 in Axes
  4132 | D:4      | Reached XP level 8. HP: 28/46 MP: 8/8
  4486 | D:5      | Found an opulent altar of Gozag.
  4557 | D:5      | Reached skill level 7 in Axes
  5089 | D:6      | Reached skill level 8 in Axes
  5529 | D:6      | Found a staircase to the Ecumenical Temple.
  5534 | Temple   | Entered the Ecumenical Temple
  5749 | Temple   | Became a worshipper of Makhleb the Destroyer
  5837 | D:6      | Reached skill level 9 in Axes
  5837 | D:6      | Reached XP level 9. HP: 32/51 MP: 7/9
  6230 | D:6      | Found an iron altar of Okawaru.
  6582 | D:7      | Got a serpentine amber ring
  6583 | D:7      | Identified the ring of Psychosis {rC+ MR+ Int+4 Stlth+}
                  | (You found it on level 7 of the Dungeon)
  6620 | D:7      | Reached skill level 10 in Axes
  6837 | D:7      | Noticed Harold
  6873 | D:7      | Killed Harold
  6873 | D:7      | Reached skill level 11 in Axes
  7220 | D:7      | Found a hide-covered altar of Uskayaw.
  7465 | D:7      | Reached * piety under Makhleb
  7465 | D:7      | Reached XP level 10. HP: 52/56 MP: 8/10
  7746 | D:8      | Found a staircase to the Lair.
  7746 | D:8      | Noticed an elephant
  7746 | D:8      | Noticed a death yak
  7764 | D:8      | Killed an elephant
  7764 | D:8      | Reached skill level 12 in Axes
  7827 | D:8      | Slain by a death yak

Skill      XL: |  1  2  3  4  5  6  7  8  9 10 |
---------------+-------------------------------+-----
Axes           | 2 3 4 5 6 9 11 12 | 12.2
Dodging        | 1 |  1.0
Stealth        | 1 4 5 |  5.8
Fighting       | |  3.2
Armour         | |  3.2
Shields        | |  3.2

Action                   |  1- 3 |  4- 6 |  7- 9 | 10-12 || total
-------------------------+-------+-------+-------+-------++-------
Melee: War axe           |    97 |   184 |   517 |    49 ||   847
  Use: Scroll            |       |       |    10 |     2 ||    12
       Potion            |       |       |     3 |     2 ||     5
 Stab: Invisible         |       |       |     5 |     3 ||     8
  Eat: Chunk             |       |     5 |    14 |     1 ||    20
       Ration            |       |       |     1 |       ||     1
Armor: Scale mail        |    61 |       |       |       ||    61
       Plate armour      |     2 |   138 |   318 |    13 ||   471
Dodge: Dodged            |    35 |    42 |   102 |    13 ||   192
Block: Shield            |    60 |   104 |   263 |    18 ||   445
